Map: Acid Plant LE

Players

lIIllllIIlll (INnoVation) - Winner!

  • Race: Terran Terran
  • League: Master
  • Spawn Location: 11:00

GOStephano (Stephano)

  • Race: Zerg Zerg
  • League: Master
  • Spawn Location: 5:00

Event: HomeStory Cup XVII

VOD

Have the link to the VOD?

Description

Time

  • Played on: July 1, 2018, 11:48 a.m.
  • Length: 13:31

All games in this series

Show
View Real Time Build Order
Export as new Build Order

lIIllllIIlll Terran - Winner!

Build Orders: Reaper Expand, Bio Tank 

Get SALT Encoding   

  12  0:00  SCV  
  13  0:13  SCV  
  14  0:17  Supply Depot  
  14  0:25  SCV  
  15  0:38  SCV  
  15  0:40  Barracks  
  16  0:44  Refinery  
  16  0:50  SCV  
  17  1:02  SCV  
  18  1:15  SCV  
  19  1:27  Orbital Command, Reaper  
  20  1:41  Command Center  
  20  1:51  Barracks  
  20  1:56  SCV  
  20  2:00  Barracks Reactor  
  22  2:08  SCV  
  22  2:11  Supply Depot  
  22  2:20  Refinery, SCV  
  23  2:30  Factory  
  23  2:32  SCV  
  24  2:38  Marine x2  
  24  2:39  Barracks Tech Lab  
  26  2:44  SCV  
  27  2:53  Orbital Command  
  27  2:56  SCV  
  28  3:00  Stimpack  
  28  3:05  Marine x2  
  29  3:08  Marine  
  32  3:12  SCV  
  32  3:17  Starport  
  33  3:20  SCV  
  33  3:24  Factory Reactor  
  33  3:25  SCV  
  34  3:28  Marine x2  
  34  3:30  Marine  
  37  3:34  SCV  
  37  3:37  SCV  
  37  3:40  Supply Depot  
  39  3:47  Marine, SCV  
  39  3:48  Marine x2  
  43  3:49  SCV  
  44  4:00  SCV  
  44  4:01  SCV  
  44  4:02  Supply Depot  
  46  4:04  Medivac x2  
  46  4:07  Marine x3  
  53  4:12  SCV  
  53  4:16  Engineering Bay  
  54  4:17  Engineering Bay  
  54  4:23  Supply Depot  
  54  4:25  SCV x2  
  56  4:31  Marine  
  56  4:32  Marine x2  
  59  4:43  Terran Infantry Weapons Level 1  
  59  4:44  SCV x2  
  61  4:47  Terran Infantry Armor Level 1  
  61  4:49  Marine x3  
  61  4:50  Supply Depot  
  64  4:56  SCV x2  
  66  5:00  Combat Shields  
  66  5:07  Command Center  
  66  5:09  Marine x3  
  66  5:11  SCV  
  66  5:12  SCV  
  71  5:14  Supply Depot  
  71  5:22  Refinery x2  
  71  5:27  Marine x2, SCV x2  
  71  5:28  Marine  
  76  5:32  Medivac, Supply Depot  
  78  5:36  Medivac  
  78  5:37  Factory Tech Lab  
  78  5:39  SCV x2  
  82  5:49  Marine  
  74  5:50  Marine x2  
  74  5:51  SCV x2  
  78  5:57  Armory  
  78  6:01  Barracks  
  78  6:03  SCV  
  78  6:04  SCV  
  80  6:07  Marine x2  
  80  6:08  Marine  
  83  6:17  SCV x2  
  85  6:23  Orbital Command  
  85  6:27  Marine x3  
  85  6:28  Barracks x2  
  85  6:31  SCV x2  
  90  6:36  Siege Tank  
  92  6:43  SCV  
  92  6:44  SCV  
  93  6:52  Orbital Command  
  93  6:53  Terran Infantry Armor Level 2, Terran Infantry Weapons Level 2  
  93  6:55  SCV  
  93  6:56  SCV  
  93  6:59  Barracks Reactor  
  93  7:00  Marine x3  
  97  7:04  Medivac  
  97  7:06  Medivac  
  100  7:12  SCV x2  
  95  7:16  Supply Depot  
  95  7:17  Barracks Reactor  
  95  7:18  Barracks Reactor, Marine  
  92  7:23  SCV  
  92  7:24  SCV  
  92  7:25  SCV  
  95  7:30  Supply Depot  
  95  7:32  Siege Tank  
  95  7:36  SCV x2  
  95  7:37  SCV  
  101  7:38  Marine x5  
  101  7:41  Refinery  
  101  7:42  Refinery  
  106  7:48  SCV  
  106  7:49  SCV x2  
  109  7:52  Supply Depot  
  109  7:53  Supply Depot  
  109  7:55  Marine  
  109  7:56  Medivac x2  
  109  7:58  Terran Vehicle And Ship Armor Level 1  
  114  8:03  Factory, SCV x3  
  117  8:12  Siege Tank  
  120  8:13  Command Center  
  120  8:15  SCV x3  
  120  8:16  Supply Depot  
  123  8:26  Marine x3  
  126  8:30  Barracks x2  
  126  8:32  SCV x3  
  126  8:34  Barracks  
  129  8:37  Medivac  
  129  8:38  Medivac, Marine x2, Marauder  
  129  8:39  Marine x2  
  139  8:42  Concussive Shells  
  139  8:43  Marine  
  139  8:47  Supply Depot  
  139  8:48  Supply Depot  
  140  8:54  Siege Tank, Factory Tech Lab  
  140  8:55  Marine x3  
  146  8:56  Marine  
  146  9:00  Marauder  
  149  9:08  Medivac x2  
  152  9:14  Supply Depot  
  152  9:17  Supply Depot  
  152  9:20  Terran Infantry Weapons Level 3  
  152  9:21  Terran Infantry Armor Level 3  
  152  9:23  Barracks Tech Lab  
  152  9:25  Barracks Tech Lab  
  152  9:27  Barracks Reactor  
  152  9:30  Marine x8, Marauder  
  162  9:38  Siege Tank  
  165  9:45  Marauder x2  
  169  9:48  Marine x5  
  169  9:49  Marine x3  
  169  9:52  Marauder  
  179  9:57  Planetary Fortress  
  179  10:05  Marine  
  179  10:08  Marauder x2, Siege Tank  
  179  10:11  Marine  
  179  10:12  Marine x6  
  179  10:13  Sensor Tower, Marauder  
  179  10:14  Marine  
  164  10:29  Siege Tank  
  164  10:30  Marauder x2, Marine x5  
  164  10:31  Marine x4  
  164  10:34  Marauder, Terran Vehicle And Ship Armor Level 2  
  182  10:41  Marine  
  180  10:48  Marine x6, Siege Tank  
  188  10:51  Marauder x2, Marine x2  
  188  10:53  Marine  
  195  11:07  Marine  
  196  11:18  Marine  
  196  11:21  Command Center  
  196  11:23  Refinery, Medivac, Marauder  
  196  11:24  Refinery  
  196  11:25  Marine  
  193  11:26  Medivac, Marauder x2  
  160  11:33  Marine x8  
  160  11:36  Marine  
  153  11:40  Siege Tank x2  
  153  11:42  Marine  
  153  11:44  Marauder  
  161  11:47  Marauder, SCV x2  
  161  11:48  Marauder, SCV  
  161  11:51  Marine x3  
  161  11:52  Marine  
  161  11:53  Medivac, Marine  
  170  11:55  Marine  
  170  11:56  Medivac, Marine x3  
  170  12:00  Marine  
  177  12:05  Marauder  
  181  12:08  Marauder, Marine  
  181  12:09  Marine x2, Marauder  
  181  12:10  Marine x2  
  181  12:12  Siege Tank x2  
  194  12:23  Medivac  
  194  12:24  Starport  
  194  12:25  Starport  
  194  12:29  Fusion Core  
  196  12:33  Medivac, Marauder x2  
  196  12:34  Marauder  
  196  12:36  Planetary Fortress  
  200  12:37  Refinery  
  200  12:39  Refinery  
  194  13:00  Supply Depot x2  
  194  13:01  Supply Depot, Starport Tech Lab  
  194  13:02  Supply Depot, Starport Reactor  
Show
View Real Time Build Order
Export as new Build Order

GOStephano Zerg 

Build Orders: Hatch First 

Get SALT Encoding   

  12  0:00  Drone  
  13  0:13  Overlord  
  13  0:17  Drone  
  14  0:31  Drone x2  
  16  0:48  Hatchery  
  15  0:51  Drone  
  15  0:55  Drone  
  17  0:58  Drone  
  18  1:08  Extractor  
  17  1:14  Spawning Pool  
  17  1:17  Drone  
  17  1:20  Drone  
  18  1:29  Drone  
  19  1:39  Drone  
  20  1:50  Drone  
  21  2:00  Queen x2  
  25  2:01  Zergling x4  
  27  2:13  Overlord  
  27  2:19  Hatchery  
  26  2:29  Metabolic Boost  
  26  2:30  Drone  
  26  2:35  Drone x2  
  29  2:37  Drone  
  29  2:44  Queen  
  29  2:47  Drone  
  32  2:53  Overlord  
  32  2:55  Drone  
  33  3:00  Drone x2  
  35  3:08  Overlord  
  35  3:16  Drone x5  
  40  3:21  Queen  
  42  3:29  Overlord  
  42  3:30  Queen  
  42  3:33  Drone  
  45  3:35  Drone  
  46  3:43  Drone x3  
  46  3:45  Overlord  
  49  3:51  Drone x4  
  53  3:59  Evolution Chamber  
  53  4:01  Queen  
  53  4:02  Evolution Chamber  
  53  4:04  Drone x2  
  53  4:09  Queen  
  57  4:12  Overlord  
  57  4:17  Queen  
  57  4:22  Drone  
  57  4:23  Drone  
  57  4:24  Zergling x6  
  62  4:28  Zerg Ground Armor Level 1  
  62  4:30  Zergling x2  
  65  4:32  Overlord  
  65  4:33  Zergling x2  
  65  4:34  Zergling x2  
  65  4:36  Zergling x2  
  65  4:37  Zergling x2  
  69  4:40  Zerg Melee Weapons Level 1  
  69  4:42  Zergling x2  
  69  4:45  Zergling x4  
  72  4:49  Zergling x4  
  72  4:51  Overlord  
  74  4:56  Zergling x6  
  77  5:00  Zergling x8  
  77  5:01  Zergling x2  
  77  5:03  Overlord  
  82  5:18  Drone x6  
  82  5:21  Lair, Drone x2  
  86  5:32  Extractor  
  86  5:33  Extractor  
  85  5:35  Zergling x2  
  85  5:36  Zergling x12  
  90  5:46  Hatchery  
  85  5:53  Drone x2  
  85  5:54  Drone x3  
  85  5:56  Drone  
  91  5:57  Drone  
  91  6:01  Drone x3  
  91  6:02  Baneling Nest, Drone x3  
  91  6:03  Overlord x3  
  97  6:08  Spore Crawler  
  97  6:11  Overlord  
  96  6:24  Zerg Ground Armor Level 2  
  96  6:27  Drone  
  96  6:30  Drone x2  
  96  6:31  Drone x2  
  96  6:32  Drone x2  
  103  6:33  Zergling x2  
  103  6:34  Zergling x14  
  102  6:51  Zergling x8  
  97  6:59  Zergling x8  
  97  7:01  Queen x2  
  89  7:05  Zerg Melee Weapons Level 2  
  89  7:06  Spawning Pool  
  83  7:23  Overlord  
  83  7:25  Centrifical Hooks  
  83  7:29  Extractor  
  82  7:30  Drone x2, Extractor x2  
  82  7:31  Drone x3, Extractor  
  82  7:32  Drone  
  85  7:41  Hatchery  
  84  7:46  Drone x3  
  84  7:49  Drone x2  
  89  7:53  Zergling x10  
  94  7:59  Zergling x2  
  94  8:00  Baneling x2  
  94  8:01  Baneling x5  
  94  8:04  Zergling x4  
  97  8:13  Zergling x2  
  97  8:14  Zergling x12  
  97  8:17  Extractor  
  97  8:18  Hydralisk Den  
  97  8:19  Infestation Pit, Zergling x4  
  103  8:20  Hatchery  
  102  8:27  Zergling x4  
  102  8:31  Zergling x2  
  102  8:32  Zergling x8  
  109  8:44  Drone x4  
  109  8:46  Drone x3  
  109  8:47  Drone  
  117  8:48  Zerg Missile Weapons Level 1  
  117  8:49  Muscular Augments  
  117  8:52  Baneling x9  
  117  8:56  Drone x3  
  117  9:00  Drone x4  
  122  9:10  Hive  
  122  9:17  Hydralisk  
  122  9:18  Hydralisk x4  
  122  9:19  Overlord  
  122  9:22  Zergling x12  
  138  9:31  Hydralisk x5  
  148  9:47  Hydralisk x5  
  148  9:49  Overlord  
  148  9:51  Overlord x2  
  158  10:01  Grooved Spines  
  158  10:11  Hydralisk x8  
  158  10:13  Zergling x16  
  182  10:14  Overlord  
  176  10:27  Zergling x22  
  168  10:31  Baneling x9  
  168  10:36  Zergling x2  
  168  10:37  Zergling x8  
  163  10:46  Zergling x12  
  163  10:47  Zergling x6  
  172  10:56  Zergling x8  
  176  11:00  Baneling x3  
  176  11:01  Baneling x7  
  176  11:03  Zergling x6  
  179  11:17  Zergling x12  
  183  11:20  Hatchery  
  173  11:29  Zergling x2  
  173  11:30  Zergling x22  
  147  11:37  Zergling x12  
  148  11:42  Zergling x2  
  148  11:46  Zergling x2  
  150  11:52  Hydralisk x5  
  155  12:02  Baneling x8  
  155  12:03  Baneling x3  
  154  12:17  Zergling x2  
  154  12:18  Zergling x20  
  154  12:20  Baneling  
  154  12:21  Baneling x4  
  165  12:35  Zergling x22  
  165  12:37  Baneling  
  165  12:38  Baneling x5  
  165  12:41  Zergling x10  
  169  12:53  Zergling x18  
  170  13:00  Zergling x4  
  168  13:06  Zergling x12  
Tags
 
Add a new tag
Caveats
  • Supply blocks, unpowered buildings, or Contaminate may cause inaccurate times.
  • Supply counts are checked every 10 seconds.